[Event "*** Titled Tuesday Blitz"]
[Site "Chess.com"]
[Date "2020.04.28"]
[Round "7"]
[White "Milchone1"]
[Black "TheCount"]
[Result "1-0"]
[WhiteElo "2510"]
[BlackElo "2615"]
[TimeControl "180+1"]
[EndTime "11:17:08 PDT"]
[Termination "Milchone1 won by resignation"]

1. Nf3 Nf6 2. c4 g6 3. Nc3 d5 4. Qa4+ Bd7 5. Qb3 dxc4 6. Qxc4 Bg7 7. Ne5 Be6 8. Qb5+ Nbd7 9. Nxd7 Qxd7 10. Qxb7 O-O 11. e3 Nd5 12. Bb5 Qd6 13. a3 Nxc3 14.
bxc3 Bd5 15. Qa6 Bxg2 16. Qxd6 cxd6 17. Rg1 Rab8 18. a4 Be4 19. d4 Rfc8 20. Bd2 Bc6 21. Ke2 Bxb5+ 22. axb5 Rxb5 23. Rxa7 Bf6 24. Rga1 Kg7 25.
R1a2 Rh5 26. Ra8 Rxa8 27. Rxa8 Rxh2 28. c4 Rh5 29. f4 Rh2+ 30. Kd3 Rh5 31. Bb4 g5 32.
fxg5 Rxg5 33. c5 dxc5 34. dxc5 Rg1 35. Kc2 Rg2+ 36. Kd3 Rg1 37. Kc2 h5 38. c6 Be5 39.
Ra5 Rg2+ 40. Kd3 Bc7 41. Ra7 Bb6 42. Rb7 Bxe3 43. c7 1-0

[Event "*** Titled Tuesday Blitz"]
[Site "Chess.com"]
[Date "2020.04.28"]
[Round "7"]
[White "adriangschnitzer"]
[Black "827883"]
[Result "1-0"]
[WhiteElo "2408"]
[BlackElo "2175"]
[TimeControl "180+1"]
[EndTime "11:17:08 PDT"]
[Termination "adriangschnitzer won by resignation"]

1. c4 e6 2. Nc3 d5 3. d4 c6 4. e4 dxe4 5. Nxe4 Bb4+ 6. Bd2 Qxd4 7. Bxb4 Qxe4+ 8. Be2 a5 9. Bd6 Nh6 10. Nf3 Nf5 11. Bc7 Nd7 12. O-O O-O 13. h3 Nh4 14.
Re1 Nxf3+ 15. Bxf3 Qxc4 16. Re4 Qd5 17. Rd4 Qb5 18. a4 Qc5 19. Bd6 Qb6 20. Bxf8 Nxf8 21. Rd8 Qc7 22. Qd2 Rb8 23. Rd1 b5 24. Bxc6 bxa4 25. Qc3 Ba6 26. Rxb8 Qxb8 27. Qxa5 Bb7 28. Rd8 Qf4 29. Rxf8+ 1-0

[Event "*** Titled Tuesday Blitz"]
[Site "Chess.com"]
[Date "2020.04.28"]
[Round "7"]
[White "The_Machine04"]
[Black "pooh2012"]
[Result "0-1"]
[WhiteElo "2284"]
[BlackElo "2496"]
[TimeControl "180+1"]
[EndTime "11:17:08 PDT"]
[Termination "pooh2012 won by resignation"]

1. d4 d6 2. Bf4 Nd7 3. Nf3 c6 4. e4 Qc7 5. c3 e5 6. dxe5 dxe5 7. Bc1 Ngf6 8. Nbd2 Bc5 9. Bc4 O-O 10. O-O a5 11. a4 h6 12. Qe2 Re8 13. Rd1 Nf8 14.
h3 Be6 15. b3 Ng6 16. Bxe6 Rxe6 17. Nf1 Rd8 18. Rxd8+ Qxd8 19. Ng3 Rd6 20. Nf5 Rd1+ 21.
Kh2 Qd3 22. Qxd3 Rxd3 23. Ng3 Bxf2 24. Bb2 Bxg3+ 25. Kxg3 Nxe4+ 26. Kh2 Nxc3 27. Re1 f6 28. Bxc3 Rxc3 29. Nd2 Rd3 30. Re2 Nf4 31. Rf2 b5 32. axb5 cxb5 33. g3 Ne6 34. b4 axb4 35. Ne4 b3 36.
Rb2 f5 37. Nd2 Nd4 38. Kg2 Rc3 39. Kf2 Rc2 0-1

[Event "*** Titled Tuesday Blitz"]
[Site "Chess.com"]
[Date "2020.04.28"]
[Round "7"]
[White "Rafael_Ventura"]
[Black "vovachesss"]
[Result "0-1"]
[WhiteElo "2286"]
[BlackElo "2550"]
[TimeControl "180+1"]
[EndTime "11:17:13 PDT"]
[Termination "vovachesss won by resignation"]

1. e4 e5 2. Nf3 d5 3. Nc3 dxe4 4. Nxe4 Nf6 5. Nxf6+ Qxf6 6. Qe2 Bd6 7. d4 Nc6 8.
dxe5 Nxe5 9. Nxe5 Qxe5 10. Qxe5+ Bxe5 11. c3 Bf5 12. Be3 O-O-O 13. Bc4 Bg6 14. Rd1 a6 15. Ke2 b5 16. Bd3 Kb7 17. Bxg6 hxg6 18. h3 Kc6 19. f4 Bf6 20. Kf3 Rhe8 21. g4 a5 22. Rxd8 Rxd8 23. Ke2 a4 24. Bd2 Kd5 25. Kd3 c5 26. Re1 c4+ 27. Kc2 Rd6 28. g5 Bd8 29.
Re5+ Kc6 30. Be3 Re6 31. Rxe6+ fxe6 32. Bd4 Bc7 33. Bxg7 Bxf4 34. Bf6 Kd5 35. h4 e5 36.
h5 gxh5 37. g6 Ke6 38. g7 Kf7 39. b3 e4 40. bxc4 bxc4 41. Kd1 Bh6 42. Ke2 Bxg7 43. Bxg7 Kxg7 44. Ke3 Kg6 45. Kxe4 Kg5 0-1

[Event "*** Titled Tuesday Blitz"]
[Site "Chess.com"]
[Date "2020.04.28"]
[Round "7"]
[White "Bastiandash"]
[Black "fidezivkovic"]
[Result "0-1"]
[WhiteElo "2016"]
[BlackElo "2304"]
[TimeControl "180+1"]
[EndTime "11:17:13 PDT"]
[Termination "fidezivkovic won by resignation"]

1. Nf3 d5 2. b3 Nf6 3. Bb2 Bf5 4.
e3 e6 5. d3 h6 6. g3 Be7 7.
Bg2 O-O 8. O-O c5 9. Nbd2 Nc6 10. Qe2 Bh7 11. Ne5 Nxe5 12. Bxe5 Nd7 13. Bb2 Bf6 14. Bxf6 Qxf6 15. e4 Nb6 16. a4 a5 17. e5 Qe7 18. f4 Rac8 19. Rab1 Rfd8 20. g4 f6 21. f5 exf5 22. gxf5 Qxe5 23. Qh5 Re8 24. Rbe1 Qxe1 25. Rxe1 Rxe1+ 26. Kf2 Rce8 27. Bf3 R8e5 28. Bg4 Rc1 29. Bd1 Rxf5+ 0-1

[Event "*** Titled Tuesday Blitz"]
[Site "Chess.com"]
[Date "2020.04.28"]
[Round "7"]
[White "vohiraa"]
[Black "Tiqr777"]
[Result "0-1"]
[WhiteElo "2226"]
[BlackElo "2603"]
[TimeControl "180+1"]
[EndTime "11:17:14 PDT"]
[Termination "Tiqr777 won by resignation"]

1. e4 g6 2. d4 Bg7 3. c3 d6 4. Bd3 Nc6 5. Ne2 e5 6. d5 Nce7 7. O-O f5 8. f3 Nf6 9. c4 O-O 10. Nbc3 f4 11. b4 g5 12. c5 Ng6 13. cxd6 cxd6 14.
Bd2 Rf7 15. Rc1 Bf8 16. Kh1 h5 17. Be1 g4 18. Bf2 h4 19. Qe1 g3 20. Bg1 gxh2 21.
Bxh2 Nh5 22. Qf2 Ng3+ 23. Kg1 Rg7 24. Rfd1 Be7 25. Nb5 Bg5 26. Rc2 a6 27. Nbc3 Bd7 28. Rdc1 b5 29. Nb1 Be8 30. Nd2 Qb8 31. Nb3 Bd8 32. Nc5 dxc5 33. bxc5 h3 34. Qxg3 fxg3 35. Nxg3 Nf4 36. gxh3 Bh4 0-1

[Event "*** Titled Tuesday Blitz"]
[Site "Chess.com"]
[Date "2020.04.28"]
[Round "7"]
[White "Khayala13"]
[Black "Blagorod"]
[Result "1-0"]
[WhiteElo "2332"]
[BlackElo "2143"]
[TimeControl "180+1"]
[EndTime "11:17:15 PDT"]
[Termination "Khayala13 won by resignation"]

1. e4 e5 2. Nf3 Nf6 3. Nxe5 d6 4. Nf3 Nxe4 5. d4 d5 6. Bd3 Nc6 7. O-O Be7 8. Re1 O-O 9. c4 Nb4 10. Bxe4 dxe4 11. Rxe4 Bf5 12. Re2 Bg4 13. Nbd2 Bf6 14.
Qb3 Nc6 15. d5 Nd4 16. Nxd4 Bxd4 17. Re4 Qf6 18. Nf3 Rfe8 19. Bg5 Qf5 20. Rf4 Qg6 21. Rxg4 Bf6 22. h3 h5 23. Rg3 Be5 24. Nxe5 Rxe5 25.
Bf4 1-0

[Event "*** Titled Tuesday Blitz"]
[Site "Chess.com"]
[Date "2020.04.28"]
[Round "7"]
[White "AleksanderHnydiuk"]
[Black "tigra"]
[Result "0-1"]
[WhiteElo "2572"]
[BlackElo "2776"]
[TimeControl "180+1"]
[EndTime "11:17:16 PDT"]
[Termination "tigra won by resignation"]

1. Nf3 Nf6 2. c4 g6 3. d4 Bg7 4. g3 O-O 5. Bg2 d5 6. cxd5 Nxd5 7. O-O Nb6 8. Nc3 Nc6 9. e3 Re8 10. a3 a5 11. d5 Ne5 12. Nxe5 Bxe5 13. Qc2 a4 14. e4 c6 15. dxc6 bxc6 16. Be3 Nc4 17. Rfd1 Qa5 18. Bd4 Be6 19. Bxe5 Nxe5 20. Rd4 Bb3 21.
Qe2 c5 22. Rd2 Nc4 23. Rd7 Rad8 24. Rxd8 Rxd8 25. Nd5 e6 26. Ne7+ Kf8 27. Nc6 Qd2 28.
Qf3 Qxb2 29. Rf1 Rc8 30. e5 Nxe5 31. Qf6 Nd3 32. Qe7+ Kg7 33. Nd8 Qf6 0-1

[Event "*** Titled Tuesday Blitz"]
[Site "Chess.com"]
[Date "2020.04.28"]
[Round "7"]
[White "mishanick"]
[Black "Gabrielian_Artur"]
[Result "0-1"]
[WhiteElo "2999"]
[BlackElo "2743"]
[TimeControl "180+1"]
[EndTime "11:17:17 PDT"]
[Termination "Gabrielian_Artur won by resignation"]

1. d4 Nf6 2. c4 c5 3. d5 e6 4. Nc3 exd5 5. cxd5 d6 6. e4 g6 7. Be2 Bg7 8. Be3 a6 9. a4 Qe7 10. Qc2 Ng4 11. Bf4 Nd7 12. Nf3 O-O 13. O-O Nde5 14. Nd2 f5 15. f3 Nf6 16. Bg5 h6 17. Bh4 g5 18. Bf2 f4 19. h3 h5 20. Nc4 Nxc4 21. Bxc4 Nd7 22. Be2 Ne5 23. Qd1 Bf6 24. a5 Qg7 25. Ra3 g4 26. fxg4 hxg4 27. hxg4 Nxg4 28.
Bf3 Nxf2 29. Kxf2 b5 30. axb6 Rb8 31. Na4 Bd7 32. Qb3 Qg3+ 33. Ke2 Bb5+ 34. Kd2 Bxf1 35. Nc3 Qf2+ 36. Kc1 c4 37. Qc2 Qxc2+ 38. Kxc2 Bd3+ 39.
Kc1 Rxb6 0-1

[Event "*** Titled Tuesday Blitz"]
[Site "Chess.com"]
[Date "2020.04.28"]
[Round "7"]
[White "Kotofeyca"]
[Black "Carnivoras"]
[Result "0-1"]
[WhiteElo "2442"]
[BlackElo "2640"]
[TimeControl "180+1"]
[EndTime "11:17:17 PDT"]
[Termination "Carnivoras won on time"]

1. d4 d5 2. c4 c6 3. cxd5 cxd5 4. Nc3 Nf6 5. Nf3 e6 6. Bf4 Bd6 7. Bg5 O-O 8. e3 a6 9. Bd3 b5 10. a4 b4 11. Na2 Bb7 12. Nc1 Nbd7 13. Nb3 h6 14.
Bh4 Rc8 15. a5 Rc7 16. Qe2 Qa8 17. O-O Rfc8 18. Bg3 Bxg3 19. hxg3 Ne4 20. Nfd2 Ndf6 21. Nxe4 dxe4 22. Bb1 Nd7 23. Qd2 Bd5 24. Qd1 Qb7 25. Nd2 Qb5 26. Nxe4 Rc1 27. Qxc1 Rxc1 28. Rxc1 Qe2 29.
Bc2 b3 30. Nc3 Qd2 31. Nxd5 bxc2 32. Nb6 Nf6 33. Nc4 Qe2 34. b3 Ne4 35. Rf1 Qd3 36.
Rac1 Qxb3 37. Ne5 Nc3 38. Rfe1 Na2 0-1

[Event "*** Titled Tuesday Blitz"]
[Site "Chess.com"]
[Date "2020.04.28"]
[Round "7"]
[White "Danesz22"]
[Black "arctic_t00"]
[Result "1-0"]
[WhiteElo "2305"]
[BlackElo "2454"]
[TimeControl "180+1"]
[EndTime "11:17:17 PDT"]
[Termination "Danesz22 won by checkmate"]

1. e4 e6 2. d4 d5 3. Nc3 Nf6 4. Bg5 Bb4 5. e5 h6 6. Bc1 Nfd7 7. Qg4 Bf8 8. Qg3 c5 9. dxc5 a6 10. Nf3 Nc6 11. Be3 Qa5 12. O-O-O Nxc5 13. a3 Bd7 14. Kb1 Ne4 15. Nxe4 dxe4 16. Nd2 Nxe5 17. Nxe4 Bc6 18.
Nd6+ Bxd6 19. Rxd6 Qe1+ 20. Ka2 Ng6 21. Rxe6+ fxe6 22. Qxg6+ Kd8 23. Bb6+ Kc8 24. Bc4 Qxh1 25. Bxe6+ Kb8 26.
Qg3# 1-0

[Event "*** Titled Tuesday Blitz"]
[Site "Chess.com"]
[Date "2020.04.28"]
[Round "7"]
[White "ega2006"]
[Black "ferdipy"]
[Result "0-1"]
[WhiteElo "2417"]
[BlackElo "2285"]
[TimeControl "180+1"]
[EndTime "11:17:17 PDT"]
[Termination "ferdipy won by resignation"]

1. e4 e6 2. d4 d5 3. Nc3 Bb4 4. e5 c5 5. Bd2 cxd4 6. Nb5 Be7 7. f4 Nc6 8. Nf3 a6 9. Nbxd4 Qb6 10. Bc3 Bd7 11. Be2 Nh6 12. O-O Nf5 13. Qd2 Bc5 14. Rad1 Rc8 15. Rf2 Ncxd4 16. Nxd4 Nxd4 17. Bxd4 Bxd4 18. Qxd4 Qxd4 19. Rxd4 Rxc2 20. Bd1 Rxf2 21. Kxf2 Ke7 22.
Rb4 Bc6 23. Ke3 a5 24. Rb3 d4+ 25. Kf2 Rd8 26. Be2 Rd7 27. Bd3 Kd8 28. h4 Kc7 29. Bxh7 g6 30. Bg8 d3 31. Ke1 d2+ 32. Kd1 Ba4 33. g4 Bxb3+ 34. axb3 Kd8 35. h5 gxh5 36.
gxh5 Ke7 37. h6 Kf8 38. h7 Kg7 0-1

[Event "*** Titled Tuesday Blitz"]
[Site "Chess.com"]
[Date "2020.04.28"]
[Round "7"]
[White "szefru"]
[Black "EfM13"]
[Result "0-1"]
[WhiteElo "2128"]
[BlackElo "2264"]
[TimeControl "180+1"]
[EndTime "11:17:17 PDT"]
[Termination "EfM13 won by checkmate"]

1. e4 g6 2. d4 Bg7 3. Nc3 d6 4. Be3 Nf6 5. f3 O-O 6. Qd2 Re8 7. O-O-O c6 8. g4 b5 9. Kb1 Nbd7 10. Bh6 Bh8 11. h4 e5 12. Nce2 Qe7 13. h5 Nb6 14. Ng3 exd4 15. hxg6 fxg6 16. Bg5 Qf7 17. Qh2 Be6 18. a3 a5 19. N1e2 c5 20. Nf4 Ba2+ 21. Ka1 Bc4 22. Bxc4 Nxc4 23. Bxf6 Bxf6 24. Nd5 Bh8 25.
f4 b4 26. a4 d3 27. c3 bxc3 28. Nxc3 Rab8 29. Nb5 Nxb2 30. e5 Nxd1 31. Rxd1 dxe5 32. f5 e4+ 33. Kb1 Qb3+ 34. Kc1 Rxb5 35. axb5 Qc3+ 36. Kb1 Qa1# 0-1

[Event "*** Titled Tuesday Blitz"]
[Site "Chess.com"]
[Date "2020.04.28"]
[Round "7"]
[White "tgpgoat"]
[Black "realmadridtv"]
[Result "0-1"]
[WhiteElo "2187"]
[BlackElo "2310"]
[TimeControl "180+1"]
[EndTime "11:17:18 PDT"]
[Termination "realmadridtv won by resignation"]

1. e4 e5 2. Nf3 Nc6 3. Bc4 Bc5 4. c3 Nf6 5. d4 exd4 6. e5 d5 7. Bb5 Ne4 8. cxd4 Bb6 9. O-O O-O 10. Be3 Bd7 11.
Nbd2 Nxe5 12. Nxe5 Bxb5 13. Re1 Ba5 14. a3 f6 15. Nef3 Bxd2 16. Nxd2 Kh8 17. Qb3 Bc6 18. Rad1 Nd6 19. Qc3 Qd7 20. Nb3 Ne4 21. Qd3 Bb5 22.
Qc2 Ba4 23. Rc1 Qb5 24. Qxc7 Qxb3 25. f3 Ng5 26. Bxg5 fxg5 27. Re7 Rg8 28. Qxb7 Qxb7 29.
Rxb7 a5 30. Rc5 h6 31. Rxd5 Bc6 32. Rbd7 Bxd5 33. Rxd5 Rgd8 34. Rxd8+ Rxd8 0-1

[Event "*** Titled Tuesday Blitz"]
[Site "Chess.com"]
[Date "2020.04.28"]
[Round "7"]
[White "Meri-Arabidze"]
[Black "chessfrendz"]
[Result "1-0"]
[WhiteElo "2616"]
[BlackElo "2421"]
[TimeControl "180+1"]
[EndTime "11:17:20 PDT"]
[Termination "Meri-Arabidze won by resignation"]

1. Nf3 d5 2. e3 Nf6 3. b3 Bg4 4. Bb2 e6 5. Be2 Bd6 6. h3 Bh5 7. d3 O-O 8. Nbd2 Nbd7 9. c4 c6 10. Qc2 e5 11. g4 Bg6 12. Nh4 Re8 13. Nxg6 hxg6 14. h4 a5 15. h5 g5 16. a3 b5 17.
Nf3 bxc4 18. dxc4 Nxg4 19. Rg1 e4 20. Nxg5 Qxg5 21. Rxg4 Qf5 22. Rxg7+ Kf8 23. Bg4 Qf6 24. Bxf6 Nxf6 25. h6 Be5 26. O-O-O Ke7 27. Bf5 Rh8 28.
cxd5 cxd5 29. Qc5+ Bd6 30. Rxf7+ Kxf7 31. Qxd6 Rxh6 32.
Qe6+ Kg7 33. Rg1+ Kh8 34. Qf7 Rg8 35. Rxg8+ Nxg8 36. Qxd5 Nf6 37. Qd8+ Kg7 38. Qxa5 Rh5 39. Qc7+ Kh6 40. Qf4+ Kg7 41. Bxe4 Rc5+ 42. Kb2 1-0

[Event "*** Titled Tuesday Blitz"]
[Site "Chess.com"]
[Date "2020.04.28"]
[Round "7"]
[White "Joseph_Truelson"]
[Black "annacramling"]
[Result "1-0"]
[WhiteElo "2213"]
[BlackElo "1936"]
[TimeControl "180+1"]
[EndTime "11:17:21 PDT"]
[Termination "Joseph_Truelson won on time"]

1. c4 c5 2. Nf3 Nc6 3. g3 e5 4. Nc3 d6 5. Bg2 g6 6. O-O Bg7 7. a3 a5 8. Rb1 Nge7 9. Nd5 Nxd5 10. cxd5 Ne7 11. e4 O-O 12. b4 axb4 13. axb4 Qb6 14.
d3 Bd7 15. Be3 Qc7 16. bxc5 dxc5 17. Qb3 Rfb8 18. Rfc1 b6 19. d4 exd4 20. Nxd4 Qd6 21.
Nb5 Bxb5 22. Qxb5 Ra5 23. Bxc5 Rxb5 24. Bxd6 Rxb1 25. Rxb1 Rc8 26. Bxe7 Bf8 27. Bxf8 Kxf8 28. Rxb6 Rc1+ 29. Bf1 Ke7 30. f4 h5 31. Kf2 Rc2+ 32.
Be2 Rc3 33. e5 Rc2 34. Rb7+ Ke8 35. Ke3 Rc3+ 36. Bd3 Rc1 37. d6 1-0

[Event "*** Titled Tuesday Blitz"]
[Site "Chess.com"]
[Date "2020.04.28"]
[Round "7"]
[White "CaspiIsrael"]
[Black "JSMastropiero"]
[Result "1/2-1/2"]
[WhiteElo "2619"]
[BlackElo "2434"]
[TimeControl "180+1"]
[EndTime "11:17:22 PDT"]
[Termination "Game drawn by repetition"]

1. e4 e5 2. Nf3 Nc6 3. d4 exd4 4.
Nxd4 Bb4+ 5. c3 Bc5 6. Be3 Bb6 7. Nf5 g6 8. Bxb6 axb6 9. Ne3 Nf6 10. f3 O-O 11. c4 Qe7 12. Nc3 Qc5 13. Qd2 Nd4 14.
Bd3 Nb3 15. axb3 Rxa1+ 16. Ncd1 d6 17. O-O Bd7 18. Kh1 Qh5 19. Nc2 Raa8 20. Qc3 Qe5 21. Qd2 Rfe8 22. Nc3 Kg7 23. g4 g5 24. Ne3 c6 25.
Rg1 h6 26. h4 Nh7 27. Qf2 Kh8 28. Bb1 Rg8 29. Rd1 Rae8 30. h5 Re6 31. Kg2 Rf6 32. Qd2 Nf8 33. Nf5 Bxf5 34. exf5 Nd7 35. Ne4 Rd8 36.
Nxd6 Kg7 37. Ne4 Nc5 38. Qxd8 Nxe4 39. Bxe4 Qxb2+ 40. Rd2 Qxb3 41. Qe8 Qxc4 42. Rd8 Qe2+ 43. Kg3 Qe1+ 44. Kg2 Qe2+ 45. Kg1 Qe1+ 46. Kg2 Qe2+ 1/2-1/2

[Event "*** Titled Tuesday Blitz"]
[Site "Chess.com"]
[Date "2020.04.28"]
[Round "7"]
[White "MeetGoku"]
[Black "JessPinkman"]
[Result "0-1"]
[WhiteElo "2331"]
[BlackElo "2484"]
[TimeControl "180+1"]
[EndTime "11:17:23 PDT"]
[Termination "JessPinkman won by resignation"]

1. e4 c5 2. Nf3 d6 3. d4 cxd4 4. Nxd4 Nf6 5. Nc3 a6 6. Bg5 Nbd7 7. Qe2 g6 8. O-O-O Bg7 9. f4 O-O 10. e5 dxe5 11. fxe5 Qa5 12. Nf3 Ng4 13. Bxe7 Re8 14. Bd6 Ndxe5 15. Rd5 b5 16. Nxe5 Nxe5 17. Bxe5 Bb7 18.
Qd2 Bxe5 19. Rd7 Bc6 20. Rd3 b4 21. Nb1 Qxa2 22. Rb3 Rad8 23. Bd3 a5 24. Re1 Ba4 25. Rxe5 Rxe5 26. Qf4 Re1+ 0-1

[Event "*** Titled Tuesday Blitz"]
[Site "Chess.com"]
[Date "2020.04.28"]
[Round "7"]
[White "Twitch_ElhamBlitz05"]
[Black "Izoria123"]
[Result "0-1"]
[WhiteElo "2716"]
[BlackElo "2831"]
[TimeControl "180+1"]
[EndTime "11:17:25 PDT"]
[Termination "Izoria123 won by resignation"]

1. e4 Nc6 2. Nc3 e5 3. Bc4 Nf6 4. d3 Na5 5. Qf3 Nxc4 6. dxc4 Bc5 7. Nge2 d6 8. Bg5 c6 9. O-O-O h6 10. Bh4 Be6 11. b3 Qe7 12. Ng3 g5 13. Bxg5 hxg5 14. h3 O-O-O 15. Nf5 Bxf5 16. Qxf5+ Qe6 17. Qxe6+ fxe6 18. f3 Nh5 19. Ne2 Nf4 20. Nxf4 exf4 21. c3 d5 22.
cxd5 exd5 23. exd5 Rxd5 24. Rxd5 cxd5 25. Re1 Be3+ 26.
Kc2 Kd7 27. Kd3 Ke6 28. a4 Ke5 29. Re2 Rc8 30. a5 Rc5 31. Ra2 a6 32. b4 Rc8 33.
Rb2 Rxc3+ 34. Kxc3 Bd4+ 35. Kc2 Bxb2 36. Kxb2 Kd4 37.
Kc2 Ke3 0-1

[Event "*** Titled Tuesday Blitz"]
[Site "Chess.com"]
[Date "2020.04.28"]
[Round "7"]
[White "PowerThinking2650"]
[Black "GMMarcinDziuba"]
[Result "0-1"]
[WhiteElo "2270"]
[BlackElo "2613"]
[TimeControl "180+1"]
[EndTime "11:17:26 PDT"]
[Termination "GMMarcinDziuba won by resignation"]

1. e4 c5 2. Nf3 Nc6 3. d4 cxd4 4. Nxd4 e5 5. Nb5 d6 6. N1c3 a6 7. Na3 Be6 8. Nc4 b5 9. Ne3 Nf6 10. g3 Be7 11. Bg2 O-O 12. O-O Rc8 13. Ncd5 Bxd5 14.
exd5 Na5 15. b3 Qd7 16. Bd2 Bd8 17. a4 Nb7 18. axb5 axb5 19. b4 Bb6 20. Ra6 Qc7 21. Nf5 Ra8 22. Rxa8 Rxa8 23. Bg5 Ne8 24. Qg4 f6 25.
Be3 Bxe3 26. fxe3 Nd8 27. Be4 g6 28. Nh6+ Kg7 29. Qh3 Nf7 30. Ng4 f5 31. Bxf5 gxf5 32.
Rxf5 Ra1+ 33. Kg2 Qxc2+ 34. Rf2 Qe4+ 35. Rf3 Qxf3+ 36. Kxf3 Ng5+ 0-1

[Event "*** Titled Tuesday Blitz"]
[Site "Chess.com"]
[Date "2020.04.28"]
[Round "7"]
[White "Bigfish1995"]
[Black "Vesper2018"]
[Result "1-0"]
[WhiteElo "3063"]
[BlackElo "2087"]
[TimeControl "180+1"]
[EndTime "11:17:26 PDT"]
[Termination "Bigfish1995 won by resignation"]

1. d4 Nf6 2. c4 g6 3. Nc3 Bg7 4. e4 d6 5. Nf3 O-O 6. Be2 e5 7. O-O Nc6 8. d5 Ne7 9. b4 a5 10. bxa5 Rxa5 11. Nd2 c5 12. Rb1 Ne8 13. Qb3 Ra6 14.
a4 f5 15. Nf3 h6 16. Bd2 g5 17. Ne1 f4 18. f3 h5 19. g4 fxg3 20. hxg3 Ng6 21. Nd3 h4 22. g4 h3 23. Rf2 Nh4 24.
Rbf1 Ng2 25. Kh2 Qf6 26. Kxh3 Nf4+ 27. Nxf4 gxf4 28. Rh2 Qg6 29. Kg2 Nf6 30. Kf2 Bxg4 31. Rg1 Qf7 32. fxg4 f3 33. Bd3 Qd7 34. Rh4 Nh7 35.
g5 1-0

[Event "*** Titled Tuesday Blitz"]
[Site "Chess.com"]
[Date "2020.04.28"]
[Round "7"]
[White "Bagirova"]
[Black "ChrisTool2"]
[Result "0-1"]
[WhiteElo "2219"]
[BlackElo "2371"]
[TimeControl "180+1"]
[EndTime "11:17:26 PDT"]
[Termination "ChrisTool2 won by resignation"]

1. e4 c5 2. Nf3 e6 3. d4 cxd4 4. Nxd4 a6 5. a4 Qc7 6. Bd3 b6 7. O-O Bb7 8. c4 d6 9. Nc3 Nf6 10. Be3 Nbd7 11. f3 Be7 12. Rc1 O-O 13. b3 Rac8 14. g4 Ne5 15. Be2 Rfe8 16. g5 Nfd7 17. f4 Ng6 18. f5 exf5 19. exf5 Nge5 20. h4 Bf8 21. Bf2 Nc5 22. f6 g6 23. h5 Qd7 24. hxg6 hxg6 25. Nd5 Bxd5 26. cxd5 Ne4 27. Bxa6 Rxc1 28. Qxc1 Qg4+ 29. Kh1 Nxf2+ 30. Rxf2 Qxd4 31.
Bb7 Qxf2 0-1

[Event "*** Titled Tuesday Blitz"]
[Site "Chess.com"]
[Date "2020.04.28"]
[Round "7"]
[White "korbul"]
[Black "Sweafty"]
[Result "1-0"]
[WhiteElo "2603"]
[BlackElo "2462"]
[TimeControl "180+1"]
[EndTime "11:17:28 PDT"]
[Termination "korbul won on time"]

1. d4 d6 2. e4 Nf6 3. f3 g6 4. c4 e5 5. dxe5 dxe5 6. Qxd8+ Kxd8 7. Nc3 c6 8. Bg5 Be7 9. h4 h6 10. Be3 Be6 11. O-O-O+ Kc7 12. g4 Nbd7 13. Nd5+ cxd5 14. cxd5 Bxg4 15. fxg4 Nxg4 16. Rh3 Nxe3 17. Rxe3 Kd6 18.
Nf3 Nc5 19. Kb1 Rhd8 20. Nd2 Kd7 21. Bh3+ Ke8 22. Nc4 Bd6 23. Nxd6+ Rxd6 24. h5 Ke7 25. Rg1 g5 26. Rc1 Na6 27. a3 Rb8 28. b4 b5 29.
Rec3 Kf8 30. Bf5 Rdd8 31. Rc6 Rb6 32. Rxb6 axb6 33. Rc6 Nb8 34. Rxh6 Ke7 35. Rxb6 Nd7 36.
Rb7 Kd6 37. Rxd7+ Rxd7 38. Bxd7 Kxd7 39. h6 1-0

[Event "*** Titled Tuesday Blitz"]
[Site "Chess.com"]
[Date "2020.04.28"]
[Round "7"]
[White "IMTominho"]
[Black "MaximDlugy"]
[Result "0-1"]
[WhiteElo "2817"]
[BlackElo "2922"]
[TimeControl "180+1"]
[EndTime "11:17:29 PDT"]
[Termination "MaximDlugy won by resignation"]

1. d4 d5 2. c4 dxc4 3. e4 e5 4. Nf3 Bb4+ 5. Nbd2 c3 6. bxc3 Bxc3 7. Rb1 exd4 8. Bc4 Nc6 9. O-O Nh6 10. Ba3 a5 11. Bb5 Bd7 12. Nb3 Nb4 13. Nbxd4 O-O 14. Bxd7 Qxd7 15. Ne2 Qxd1 16. Rfxd1 Bf6 17. e5 Rfe8 18.
exf6 Rxe2 19. fxg7 Rxa2 20. Bxb4 axb4 21. Rxb4 Ra1 22.
Rbb1 Rxb1 23. Rxb1 b6 24. Nd4 Kxg7 25. f3 Rd8 26.
Nb5 Rd7 27. Rc1 c5 28. Rb1 Nf5 29. Nc3 Rd6 30. Na4 Rd4 31. Nxb6 Rb4 32. Rxb4 cxb4 33. Kf2 b3 34. Na4 Kf6 35. Ke2 Ke5 36. g3 Kd4 37.
Kd2 Nd6 38. h4 Nf5 0-1

[Event "*** Titled Tuesday Blitz"]
[Site "Chess.com"]
[Date "2020.04.28"]
[Round "7"]
[White "ChelsieMonica"]
[Black "gross-aleks"]
[Result "1-0"]
[WhiteElo "2348"]
[BlackElo "2487"]
[TimeControl "180+1"]
[EndTime "11:17:29 PDT"]
[Termination "ChelsieMonica won by resignation"]

1. c4 Nf6 2. Nf3 e6 3. e3 d5 4.
cxd5 exd5 5. Nc3 c6 6. Be2 Bd6 7. O-O O-O 8. b3 Nbd7 9. Bb2 Ne5 10. Rc1 Qe7 11. Nxe5 Qxe5 12. f4 Qe7 13. Nb1 Re8 14.
Bd3 Ne4 15. Qh5 g6 16. Qh6 f6 17. Bxe4 dxe4 18. Nc3 Qg7 19. Qh4 b6 20. Ne2 Ba6 21. Bxf6 Be7 22. Bxe7 Qxe7 23. Qxe7 Rxe7 24. Rf2 Rd8 25. Nd4 c5 26. Nc6 Red7 27. Nxd8 Rxd8 28. g4 Kf7 29. f5 g5 30. Kg2 Kf6 31. Kg3 Bd3 32.
h4 h6 33. hxg5+ hxg5 34. Rh1 c4 35. bxc4 Bxc4 36. Rh6+ Ke5 37. a3 Rd3 38. f6 Bf7 39. Rf5+ Ke6 40. Rxg5 Rxd2 41. Kf4 Ra2 42. Re5+ Kd6 43.
Re7 Rf2+ 44. Kxe4 Bd5+ 45. Kd3 Ra2 46. e4 Rxa3+ 47. Kd2 Be6 48. Rh5 a5 49. e5+ Kd5 50.
f7 Rf3 51. Rf5 1-0

[Event "*** Titled Tuesday Blitz"]
[Site "Chess.com"]
[Date "2020.04.28"]
[Round "7"]
[White "Tynano"]
[Black "AnonymusDonkey"]
[Result "0-1"]
[WhiteElo "2150"]
[BlackElo "2346"]
[TimeControl "180+1"]
[EndTime "11:17:29 PDT"]
[Termination "AnonymusDonkey won by resignation"]

1. e4 c5 2. Nf3 d6 3. d4 cxd4 4. Nxd4 Nf6 5. Nc3 a6 6. Bg5 e6 7.
f4 h6 8. Bxf6 Qxf6 9. Qd2 Nc6 10. Nxc6 bxc6 11. Bd3 g5 12. O-O Be7 13. Kh1 Rb8 14.
e5 dxe5 15. Ne4 Qg7 16. fxg5 hxg5 17. Qf2 f5 18. Nc5 e4 19. Bxa6 Qe5 20. g3 Bxc5 21.
Qe2 Qxg3 22. Bxc8 Rxc8 23. c3 Bd6 24. Rf2 g4 25. Rg1 Qh3 26. Rfg2 Qf3 27. Qxf3 exf3 28.
Rd2 Ke7 0-1

[Event "*** Titled Tuesday Blitz"]
[Site "Chess.com"]
[Date "2020.04.28"]
[Round "7"]
[White "MaxLeto"]
[Black "tomozupan"]
[Result "1/2-1/2"]
[WhiteElo "2360"]
[BlackElo "2220"]
[TimeControl "180+1"]
[EndTime "11:17:30 PDT"]
[Termination "Game drawn by repetition"]

1. g4 d5 2. Bg2 Qd6 3. Nc3 c6 4. h3 e5 5. e4 d4 6. Nce2 h5 7. Ng3 hxg4 8. hxg4 Rxh1 9. Bxh1 Nh6 10. Nf5 Bxf5 11.
exf5 Nd7 12. d3 O-O-O 13. Qe2 Qb4+ 14. Qd2 Qb6 15. Qe2 Bb4+ 16. Kd1 f6 17. Be4 Nf7 18. Nf3 Nc5 19. a3 Nxe4 20. axb4 Ned6 21. c3 dxc3 22. bxc3 Nb5 23. Kc2 Nfd6 24. Be3 Qc7 25. c4 Nd4+ 26. Bxd4 exd4 27. Rxa7 Qb6 28. Ra8+ Kc7 29. Rxd8 Kxd8 30. c5 Qxb4 31. cxd6 Qc3+ 32. Kd1 Qa1+ 33. Kc2 Qa2+ 34. Kd1 Qa1+ 35. Kd2 Qc3+ 36. Kd1 Qa1+ 1/2-1/2

[Event "*** Titled Tuesday Blitz"]
[Site "Chess.com"]
[Date "2020.04.28"]
[Round "7"]
[White "aquaticpineapples"]
[Black "ZCorrales"]
[Result "1-0"]
[WhiteElo "2227"]
[BlackElo "2058"]
[TimeControl "180+1"]
[EndTime "11:17:30 PDT"]
[Termination "aquaticpineapples won on time"]

1. d4 Nf6 2. Nf3 e6 3. Nbd2 d5 4. e3 Be7 5. Bd3 c5 6. b3 Nc6 7. a3 O-O 8. Bb2 Qb6 9. O-O c4 10. Be2 cxb3 11. cxb3 Bd7 12. Ne5 Rac8 13. f4 Ne4 14.
Nxe4 Nxe5 15. dxe5 dxe4 16. Qxd7 Qxe3+ 17. Rf2 Bc5 18. Rf1 Qxe2 19. Bd4 Qd3 20. f5 1-0